 Dungeon Crawl Stone Soup version 0.22-a0-259-gdd11e71 (webtiles) character file.

9149 kuniqs the Blocker (level 11, -3/100 HPs)
             Began as a Deep Dwarf Fighter on Mar 5, 2018.
             Was a Priest of Makhleb.
             Slain by a ten-headed hydra (8 damage)
             ... on level 11 of the Dungeon.
             The game lasted 00:18:53 (8414 turns).

kuniqs the Blocker (Deep Dwarf Fighter)             Turns: 8414, Time: 00:18:54

Health: -3/100     AC: 16    Str: 23    XL:     11   Next: 19%
Magic:  3/3        EV:  9    Int:  9    God:    Makhleb [***...]
Gold:   647        SH: 12    Dex: 12    Spells: 10/10 levels left

rFire    . . .     SeeInvis .   y - +1 flail (venom)
rCold    . . .     Gourm    .   c - +0 shield
rNeg     . . .     Faith    .   C - +0 plate armour
rPois    .         Spirit   .   s - +0 helmet
rElec    .         Reflect  .   (no cloak)
rCorr    +         Harm     .   (no gloves)
MR       +....                  q - +0 pair of boots
Stlth    ..........             (no amulet)
HPRegen  0.00/turn              D - ring of resist corrosion
MPRegen  0.08/turn              F - ring of loudness (curse)

@: non-regenerating
A: damage resistance, heal wounds, sense surroundings 2, no regeneration
a: Heal Wounds, Minor Destruction, Lesser Servant of Makhleb, Renounce Religion


You were on level 11 of the Dungeon.
You worshipped Makhleb.
Makhleb was most pleased with you.
You were hungry.

You visited 2 branches of the dungeon, and saw 12 of its levels.

You collected 647 gold pieces.

Inventory:

Hand Weapons
 a - a +0 war axe
 y - a +1 flail of venom (weapon)
 J - a +4 scimitar
Armour
 c - a +0 shield (worn)
 e - a +0 scale mail of fire resistance
 i - the +0 scale mail "Jehyaket" {rElec rC+ Int-4}
   (You found it on level 7 of the Dungeon)

   It affects your intelligence (-4).
   It protects you from cold.
   It insulates you from electricity.
 q - a +0 pair of boots (worn)
 s - a +0 helmet (worn)
 C - a +0 plate armour (worn)
Jewellery
 D - a ring of resist corrosion (left hand)
 F - a cursed ring of loudness (right hand)
Wands
 o - a wand of iceblast (20)
 t - a wand of disintegration (2)
 A - a wand of enslavement (16)
 H - a wand of digging (11)
Scrolls
 b - a scroll of holy word
 h - a scroll of silence {unknown}
 l - 2 scrolls of blinking
 n - a scroll of fear
 p - 5 scrolls of teleportation
 r - 2 scrolls of fog
 v - 4 scrolls of remove curse {@r2}
 w - a scroll of enchant weapon
 E - 2 scrolls of magic mapping {unknown}
 I - a scroll of brand weapon {unknown}
Potions
 d - 3 potions of might
 g - 2 potions of haste
 j - a potion of agility
 m - 2 potions of mutation
 u - 6 potions of curing {@q1}
 x - a potion of flight
 z - 2 potions of heal wounds
 B - a potion of cancellation
Comestibles
 f - 21 rations


   Skills:
 + Level 7.5 Fighting
 + Level 8.6 Axes
 + Level 8.9 Armour
 + Level 8.2 Dodging
 + Level 9.0 Shields
 - Level 6.1 Invocations


You had 10 spell levels left.
You didn't know any spells.

Dungeon Overview and Level Annotations

Branches:
Dungeon (11/15)            Temple (1/1) D:5            Lair (0/6) D:8
    Orc: D:9-12

Altars:
Ashenzari
Cheibriados
Elyvilon
Fedhas
Gozag
Kikubaaqudgha
Makhleb
Nemelex Xobeh
Okawaru
Qazlal
Ru
Sif Muna
Vehumet
Wu Jian
Xom
The Shining One

Shops:
D:6 (   D:9 %   D:10 *   D:11 !

Annotations:
D:9 2 exclusions


Innate Abilities, Weirdness & Mutations

You are resistant to damage.
You can heal yourself by infusing magical energy.
You passively map the area around you.
You do not regenerate.


Message History

The ten-headed hydra bites you but does no damage.
The ten-headed hydra bites you.
* * * LOW HITPOINT WARNING * * *
The shadow imp barely misses your smoke demon.
Your orange demon barely misses the ten-headed hydra.
Your smoke demon hits the shadow imp but does no damage.
Your smoke demon hits the shadow imp.
The shadow imp dies!
Makhleb accepts your kill.
The ten-headed hydra bites you but does no damage.
The ten-headed hydra bites you.
* * * LOW HITPOINT WARNING * * *
The ten-headed hydra bites you.
You block the ten-headed hydra's attack.
The ten-headed hydra bites you!
* * * LOW HITPOINT WARNING * * *
The ten-headed hydra bites you!
* * * LOW HITPOINT WARNING * * *
The ten-headed hydra bites you!
You die...

####################### *
............∩......... ,
, ,
......#.............#* *
,
#.....#..###...4..3.####,
#.....#..# #<...........
, #.....#..#
#....@Dc..... * ,
.........# #..####h.....
* ####'###.# #..# ..... *
..#....#.# #..# *, .... *
, ..#....#.# #..# , ...,
, ..#....#.# #..# * .. *
###....#.# #..# . , ,
#....#.# #..# * , ,
.....# * ,* , *


You could see a ten-headed hydra, a centaur, a hound, a friendly orange demon
and a friendly smoke demon.

Vanquished Creatures
  Erolcha (D:10)
  The ghost of Nico3ck the Archer, a journeyman CeAM of Nemelex Xobeh (D:9)
  The ghost of RoseArtemis the Basher, a novice MiFi of Okawaru (D:8)
  2 unseen horrors (D:10)
  Psyche (D:8)
  A komodo dragon (D:8)
  A troll (D:10)
  Grinder (D:5)
  A hippogriff (D:8)
  Sigmund (D:3)
  A spriggan (D:9)
  A hungry ghost (D:4)
  Grum (D:9)
  Menkaure (D:4)
  A water moccasin (D:5)
  A sky beast (D:11)
  2 orc warriors (D:10)
  An ice beast (D:10)
  A necrophage (D:11)
  3 phantoms
  2 wolves (D:9)
  3 ogres
  4 centaurs
  A big kobold (D:10)
  6 bullfrogs
  Blork the orc (D:6)
  A wyvern skeleton (D:6)
  5 scorpions
  10 killer bees
  4 wights (D:10)
  6 howler monkeys
  2 centaur zombies
  4 hounds
  A jelly (D:5)
  2 orc priests
  4 orc wizards
  2 centaur skeletons
  2 iguanas
  Jessica (D:3)
  4 worker ants
  Ijyb (D:4)
  2 killer bee zombies
  A hound skeleton (D:6)
  Robin (D:3)
  A howler monkey zombie (D:8)
  8 gnolls
  11 adders
  4 shadow imps
  An ooze (D:5)
  5 worms
  4 dart slugs
  5 leopard geckos
  24 orcs
  A ball python (D:1)
  A bat zombie (D:5)
  7 giant cockroaches
  17 goblins
  6 hobgoblins
  11 jackals
  7 kobolds
  2 quokkas
  7 bats
  A frilled lizard (D:3)
  A leopard gecko skeleton (D:6)
  A leopard gecko zombie (D:5)
  5 rats (D:1)
  2 rat zombies (D:5)
226 creatures vanquished.

Vanquished Creatures (collateral kills)
  A shadow imp (D:11)
1 creature vanquished.

Vanquished Creatures (others)
  5 plants (D:8)
5 creatures vanquished.

Grand Total: 232 creatures vanquished

Notes
Turn   | Place    | Note
-------+----------+-------------------------------------------
     0 | D:1      | kuniqs the Deep Dwarf Fighter began the quest for the Orb.
     0 | D:1      | Reached XP level 1. HP: 20/20 MP: 1/1
   148 | D:1      | Reached XP level 2. HP: 24/27 MP: 2/2
   380 | D:1      | Reached skill level 1 in Dodging
   674 | D:2      | Reached XP level 3. HP: 22/33 MP: 3/3
   819 | D:2      | Found an ornate altar of the Wu Jian Council.
   967 | D:2      | Found a sacrificial altar of Ru.
  1015 | D:2      | Noticed a scorpion
  1027 | D:2      | Killed a scorpion
  1027 | D:2      | Reached XP level 4. HP: 24/42 MP: 4/4
  1442 | D:3      | Noticed Robin
  1445 | D:3      | Reached skill level 4 in Shields
  1456 | D:3      | Reached XP level 5. HP: 41/49 MP: 4/4
  1497 | D:3      | Killed Robin
  1589 | D:3      | Noticed Sigmund
  1619 | D:3      | Killed Sigmund
  1619 | D:3      | Reached XP level 6. HP: 39/57 MP: 4/4
  1710 | D:3      | Noticed Jessica
  1715 | D:3      | Killed Jessica
  1868 | D:3      | Found an ancient bone altar of Kikubaaqudgha.
  1870 | D:3      | Found a white marble altar of Elyvilon.
  1870 | D:3      | Found a shimmering altar of Xom.
  1872 | D:3      | Found a white marble altar of Elyvilon.
  1872 | D:3      | Found a shimmering altar of Xom.
  1872 | D:3      | Found a shimmering altar of Xom.
  2011 | D:4      | Noticed a hungry ghost
  2048 | D:4      | Killed a hungry ghost
  2048 | D:4      | Reached skill level 5 in Shields
  2048 | D:4      | Reached XP level 7. HP: 58/64 MP: 5/5
  2100 | D:4      | Reached skill level 5 in Armour
  2153 | D:4      | Found an iron altar of Okawaru.
  2161 | D:4      | Noticed Menkaure
  2177 | D:4      | Killed Menkaure
  2234 | D:4      | Found a deep blue altar of Sif Muna.
  2247 | D:4      | Found a snail-covered altar of Cheibriados.
  2319 | D:4      | Noticed Ijyb
  2323 | D:5      | Entered Level 5 of the Dungeon
  2345 | D:5      | Found a staircase to the Ecumenical Temple.
  2350 | Temple   | Entered the Ecumenical Temple
  2363 | Temple   | Became a worshipper of Makhleb the Destroyer
  2467 | D:5      | Found an ornate altar of the Wu Jian Council.
  2501 | D:5      | Noticed Grinder
  2501 | D:5      | Paralysed by Grinder for 6 turns
  2517 | D:5      | Killed Grinder
  2517 | D:5      | Reached skill level 5 in Axes
  2517 | D:5      | Reached skill level 1 in Invocations
  2517 | D:5      | Reached XP level 8. HP: 51/73 MP: 3/5
  2665 | D:5      | Found a sparkling altar of Nemelex Xobeh.
  2952 | D:5      | Found an ancient bone altar of Kikubaaqudgha.
  3049 | D:6      | Reached skill level 5 in Fighting
  3060 | D:6      | Reached * piety under Makhleb
  3060 | D:6      | Reached skill level 6 in Shields
  3084 | D:6      | Reached skill level 5 in Dodging
  3359 | D:6      | Noticed Blork the orc
  3364 | D:6      | Killed Blork the orc
  3411 | D:6      | Found Igoac's Weapon Shop.
  3650 | D:6      | Found a glowing drain.
  4127 | D:7      | Gained mutation: You passively map the area around you. [Deep Dwarf growth]
  4127 | D:7      | Reached XP level 9. HP: 81/81 MP: 6/6
  4135 | D:7      | Got a smoking scale mail
  4146 | D:7      | Identified the cursed +0 scale mail "Jehyaket" {rElec rC+ Int-4} (You found it on level 7 of the Dungeon)
  4347 | D:7      | Found a shimmering altar of Xom.
  4720 | D:8      | Reached ** piety under Makhleb
  4816 | D:8      | Found a staircase to the Lair.
  4818 | D:8      | Noticed a komodo dragon
  5065 | D:8      | Reached skill level 5 in Invocations
  5172 | D:8      | Noticed Psyche
  5237 | D:8      | Killed Psyche
  5237 | D:8      | Reached skill level 7 in Shields
  5256 | D:8      | Noticed RoseArtemis's ghost (novice MiFi)
  5290 | D:8      | Killed RoseArtemis's ghost
  5457 | D:8      | Reached XP level 10. HP: 78/91 MP: 6/6
  5806 | D:4      | Killed Ijyb
  6581 | D:9      | Noticed Grum
  6609 | D:9      | Killed Grum
  6709 | D:9      | Found Yqups's Food Boutique.
  6861 | D:9      | Noticed Nico3ck's ghost (journeyman CeAM)
  6966 | D:9      | Killed Nico3ck's ghost
  6966 | D:9      | Reached skill level 8 in Shields
  7114 | D:9      | Reached *** piety under Makhleb
  7168 | D:9      | Found an opulent altar of Gozag.
  7396 | D:10     | Entered Level 10 of the Dungeon
  7466 | D:10     | Noticed Erolcha
  7715 | D:10     | Killed Erolcha
  7735 | D:10     | Killed an unseen horror
  7735 | D:10     | Reached XP level 11. HP: 69/100 MP: 5/5
  7779 | D:10     | Killed an unseen horror
  7992 | D:10     | Found Adoxoipu's Assorted Antiques.
  8247 | D:11     | Found Ywerunast's Distillery.
  8262 | D:11     | Reached skill level 9 in Shields
  8351 | D:11     | Reached **** piety under Makhleb
  8371 | D:11     | Noticed a four-headed hydra
  8403 | D:11     | Noticed a seven-headed hydra
  8414 | D:11     | HP: 5/100 [ten-headed hydra (8)]
  8414 | D:11     | Slain by a ten-headed hydra

Vault maps used:
D:1:      dpeg_arrival_rhombus
D:2:      nicolae_overflow_hidden_temple, old_standard_altar, first_ration
D:3:      doesnt_xom_only_xom, uniq_robin, uniq_sigmund, uniq_jessica
D:4:      amethyst_overflow_temple_binary, okawaru_ov_weapons_minmay, uniq_ijyb,
          uniq_menkaure
D:5:      lemuel_zombie_altar_kikubaaqudgha, temple_doors_e, basic_altar,
          nemelex_dance_club_becter, uniq_grinder
D:6:      gup_sewer_entry_glass, serial_shops, shop, uniq_blork_the_orc
D:7:      basic_altar
D:8:      david_lair_shrubbed, uniq_psyche
D:9:      kennysheep_windowed_halls, marbit_many_paths, serial_shops, shop,
          the_bakery, uniq_grum
D:10:     serial_shops, shop, uniq_erolcha
D:11:     erik_orc_1, serial_shops, shop
Temple:   zaba_magenta_temple

Skill      XL: |  1  2  3  4  5  6  7  8  9 10 11 |
---------------+----------------------------------+-----
Dodging        | 1 2 3 4 5 6 7 8 |  8.2
Fighting       | 3 4 5 6 7 |  7.5
Axes           | 3 4 5 7 8 |  8.6
Armour         | 4 5 6 7 8 |  8.9
Shields        | 4 5 6 7 8 9 |  9.0
Invocations    | 1 3 5 6 |  6.1

Action                   |  1- 3 |  4- 6 |  7- 9 | 10-12 || total
-------------------------+-------+-------+-------+-------++-------
Melee: War axe           |    70 |   180 |    33 |    30 ||   313
       Flail             |       |       |   352 |   271 ||   623
       Scimitar          |       |       |       |    78 ||    78
Invok: Lesser Servant of |       |       |       |     2 ||     2
 Abil: Heal Wounds       |     1 |     6 |    13 |    15 ||    35
Evoke: Wand              |       |       |       |    10 ||    10
  Use: Scroll            |       |       |    19 |     1 ||    20
       Potion            |       |       |     3 |       ||     3
  Eat: Chunk             |       |    10 |    12 |     7 ||    29
       Ration            |       |     1 |       |     1 ||     2
Armor: Scale mail        |    30 |    84 |    13 |       ||   127
       Plate armour      |       |       |   190 |   325 ||   515
       Skin              |       |       |   103 |       ||   103
Dodge: Dodged            |    27 |    65 |   104 |   134 ||   330
Block: Shield            |    48 |   108 |   286 |   305 ||   747
       Rpst.: Scimitar   |       |       |       |     5 ||     5

Table legend:
 A = Spawn XP
 B = Non-spawn XP
 C = Spawn XP percentage of total XP
 D = Spawn monster count
 E = Non-spawn monster count
 F = Spawn count percentage of total count
 G = Total turns spent on level
                    A         B        C        D         E        F      G
               +---------+---------+-------+---------+---------+-------+---------
         Total |       0 |   13070 |   0.0 |       0 |     227 |   0.0 |  8414
               +---------+---------+-------+---------+---------+-------+---------
           D:1 |       0 |      37 |   0.0 |       0 |      22 |   0.0 |   639
           D:2 |       0 |     102 |   0.0 |       0 |       9 |   0.0 |   786
           D:3 |       0 |     481 |   0.0 |       0 |      45 |   0.0 |   559
           D:4 |       0 |     732 |   0.0 |       0 |      12 |   0.0 |   769
           D:5 |       0 |     731 |   0.0 |       0 |      21 |   0.0 |   771
           D:6 |       0 |     755 |   0.0 |       0 |      26 |   0.0 |  1087
           D:7 |       0 |     347 |   0.0 |       0 |      10 |   0.0 |   501
           D:8 |       0 |    2876 |   0.0 |       0 |      25 |   0.0 |  1162
           D:9 |       0 |    2092 |   0.0 |       0 |      18 |   0.0 |  1133
          D:10 |       0 |    4615 |   0.0 |       0 |      35 |   0.0 |   839
          D:11 |       0 |     302 |   0.0 |       0 |       4 |   0.0 |   150
               +---------+---------+-------+---------+---------+-------+---------
